PL
CHICAGO GOLD SOX @ ATLANTA SMOKE
08/09/2020
 
TOP OF THE 1ST
Chicago Gold Sox batting - Pitching for Atlanta Smoke : RHP Christian Bates
Pitching: RHP Christian Bates
Batting: RHB Daniel Lallanilla 0-0: Foul Ball, location: 2F
0-1: Called Strike
0-2: Strikes out swinging
Batting: RHB Tyrone Scott 0-0: Ball
1-0: Swinging Strike
1-1: Ball
2-1: Ball
3-1: Base on Balls
Batting: LHB Noel Ballard 0-0: Ball
1-0: Called Strike
1-1: Foul Ball, location: 2F
1-2: Ball
2-2: Grounds into double play, 4-6-3 (Groundball, 4)
Top of the 1st over - 0 run(s), 0 hit(s), 0 error(s), 0 left on base; Chicago 0 - Atlanta 0
BOTTOM OF THE 1ST
Atlanta Smoke batting - Pitching for Chicago Gold Sox : RHP Ryan Davis
Pitching: RHP Ryan Davis
Batting: LHB Albert Morán 0-0: Ball
1-0: Foul Ball, location: 2F
1-1: Called Strike
1-2: Strikes out swinging
Batting: LHB Mike Blue 0-0: Ball
1-0: Ground out 6-3 (Groundball, 6)
Batting: RHB Cale Sutton 0-0: Ball
1-0: Foul Ball, location: 2F
1-1: Ground out 6-3 (Groundball, 6)
Bottom of the 1st over - 0 run(s), 0 hit(s), 0 error(s), 0 left on base; Chicago 0 - Atlanta 0
TOP OF THE 2ND
Chicago Gold Sox batting - Pitching for Atlanta Smoke : RHP Christian Bates
Batting: LHB Herman Hayes 0-0: Called Strike
0-1: Foul Ball, location: 2F
0-2: Ball
1-2: Strikes out looking
Batting: RHB Chris Smith 0-0: Ball
1-0: Called Strike
1-1: Foul Ball, location: 2F
1-2: Ball
2-2: Foul Ball, location: 2F
2-2: Foul Ball, location: 2F
2-2: Ball
3-2: Foul Ball, location: 2F
3-2: Strikes out swinging
Batting: LHB Do-hyung Nam 0-0: Ball
1-0: Ball
2-0: Ball
3-0: Base on Balls
Batting: RHB Pablo Trujillo 0-0: Ball
1-0: Ball
2-0: Called Strike
2-1: Called Strike
2-2: Foul Ball, location: 2F
2-2: Fly out, F7 (Flyball, 7M)
Top of the 2nd over - 0 run(s), 0 hit(s), 0 error(s), 1 left on base; Chicago 0 - Atlanta 0
BOTTOM OF THE 2ND
Atlanta Smoke batting - Pitching for Chicago Gold Sox : RHP Ryan Davis
Batting: RHB Bob Campbell 0-0: Called Strike
0-1: Foul Ball, location: 2F
0-2: Ball
1-2: Strikes out swinging
Batting: RHB Nathan Horton 0-0: Foul Ball, location: 2F
0-1: Ball
1-1: Called Strike
1-2: Foul Ball, location: 2F
1-2: Ball
2-2: Foul Ball, location: 2F
2-2: Ball
3-2: Foul Ball, location: 2F
3-2: Strikes out swinging
Batting: RHB Leandro Tuzzi 0-0: Ball
1-0: Ball
2-0: Swinging Strike
2-1: Swinging Strike
2-2: DOUBLE (Line Drive, 5D)
Batting: RHB Joe Runyon 0-0: Called Strike
0-1: Ball
1-1: Called Strike
1-2: Ball
2-2: Strikes out looking
Bottom of the 2nd over - 0 run(s), 1 hit(s), 0 error(s), 1 left on base; Chicago 0 - Atlanta 0
TOP OF THE 3RD
Chicago Gold Sox batting - Pitching for Atlanta Smoke : RHP Christian Bates
Batting: LHB William Wise 0-0: Ground out U3 (Groundball, 3)
Batting: RHB Ryan Davis 0-0: Called Strike
0-1: Ball
1-1: SINGLE (Line Drive, 56D)
Batting: RHB Daniel Lallanilla 0-0: SINGLE (Groundball, 15S) (infield hit)
Ryan Davis to second
Batting: RHB Tyrone Scott 0-0: Ball
1-0: Foul Ball, location: 2F
1-1: Swinging Strike
1-2: Ball
2-2: Foul Ball, location: 2F
2-2: Strikes out swinging
Batting: LHB Noel Ballard 0-0: Called Strike
0-1: Ground out 4-3 (Groundball, 4)
Top of the 3rd over - 0 run(s), 2 hit(s), 0 error(s), 2 left on base; Chicago 0 - Atlanta 0
BOTTOM OF THE 3RD
Atlanta Smoke batting - Pitching for Chicago Gold Sox : RHP Ryan Davis
Batting: LHB Bernardo Elías 0-0: SINGLE (Groundball, 56D)
Batting: RHB Christian Bates 0-0: Sac Bunt - play at first, batter OUT! 5-4
Bernardo Elías to second
Batting: LHB Albert Morán 0-0: Ball
Bernardo Elías is caught stealing 3rd base
1-0: Ball
2-0: Foul Ball, location: 2F
2-1: Ground out 4-3 (Groundball, 4)
Bottom of the 3rd over - 0 run(s), 1 hit(s), 0 error(s), 0 left on base; Chicago 0 - Atlanta 0
TOP OF THE 4TH
Chicago Gold Sox batting - Pitching for Atlanta Smoke : RHP Christian Bates
Batting: LHB Herman Hayes 0-0: Ball
1-0: SINGLE (Groundball, 34S) (infield hit)
Batting: RHB Chris Smith 0-0: Ball
1-0: Ball
2-0: Swinging Strike
2-1: Foul Ball, location: 2F
2-2: Ball
3-2: SINGLE (Groundball, 56D)
Herman Hayes to second
Batting: LHB Do-hyung Nam 0-0: Ball
1-0: Swinging Strike
1-1: Foul Ball, location: 2F
1-2: Fielders Choice at 2nd, 3-6 (Groundball, 3)
Herman Hayes to third
Batting: RHB Pablo Trujillo 0-0: Called Strike
0-1: Foul Ball, location: 2F
0-2: Ball
1-2: Foul Ball, location: 2F
1-2: Strikes out swinging
Batting: LHB William Wise 0-0: Ball
1-0: Called Strike
1-1: Ball
2-1: Ball
3-1: Base on Balls
Do-hyung Nam to second
Batting: RHB Ryan Davis 0-0: Fly out, F7 (Flyball, 78M)
Top of the 4th over - 0 run(s), 2 hit(s), 0 error(s), 3 left on base; Chicago 0 - Atlanta 0
BOTTOM OF THE 4TH
Atlanta Smoke batting - Pitching for Chicago Gold Sox : RHP Ryan Davis
Batting: LHB Mike Blue 0-0: Ball
1-0: SINGLE (Line Drive, 8RS)
Batting: RHB Cale Sutton 0-0: Ball
1-0: Called Strike
1-1: Ball
2-1: Foul Ball, location: 2F
2-2: Foul Ball, location: 2F
2-2: Ground out 5-3 (Groundball, 5S)
Mike Blue to second
Batting: RHB Bob Campbell 0-0: Swinging Strike
0-1: Foul Ball, location: 2F
0-2: Foul Ball, location: 2F
0-2: Foul Ball, location: 2F
0-2: Ball
1-2: Strikes out swinging
Batting: RHB Nathan Horton 0-0: Ball
1-0: Called Strike
1-1: Ground out 6-3 (Groundball, 6M)
Bottom of the 4th over - 0 run(s), 1 hit(s), 0 error(s), 1 left on base; Chicago 0 - Atlanta 0
TOP OF THE 5TH
Chicago Gold Sox batting - Pitching for Atlanta Smoke : RHP Andrés Martínez
Pitching: RHP Andrés Martínez
Batting: RHB Daniel Lallanilla 0-0: Called Strike
0-1: Called Strike
0-2: Fly out, F7 (Flyball, 78S)
Batting: RHB Tyrone Scott 0-0: SINGLE (Line Drive, 6M)
Batting: LHB Noel Ballard 0-0: Foul Ball, location: 2F
0-1: Ball
1-1: Called Strike
1-2: Ball
2-2: Ball
3-2: Foul Ball, location: 2F
3-2: Ground out 5-3 (Groundball, 56S)
Tyrone Scott to second
Batting: LHB Herman Hayes 0-0: Ball
1-0: Fly out, F9 (Line Drive, 89S)
Top of the 5th over - 0 run(s), 1 hit(s), 0 error(s), 1 left on base; Chicago 0 - Atlanta 0
BOTTOM OF THE 5TH
Atlanta Smoke batting - Pitching for Chicago Gold Sox : RHP Ryan Davis
Batting: RHB Leandro Tuzzi 0-0: Foul Ball, location: 2F
0-1: Ball
1-1: Called Strike
1-2: Foul Ball, location: 2F
1-2: Ball
2-2: Ball
3-2: Strikes out swinging
Batting: RHB Joe Runyon 0-0: Called Strike
0-1: Fly out, F9 (Flyball, 9S)
Batting: LHB Bernardo Elías 0-0: Ball
1-0: Ball
2-0: Ball
3-0: Called Strike
3-1: Foul Ball, location: 2F
3-2: Foul Ball, location: 2F
3-2: DOUBLE (Flyball, 89D)
Pinch Hitting: LHB Brad Lawrence 0-0: Foul Ball, location: 2F
0-1: Called Strike
0-2: Strikes out looking
Bottom of the 5th over - 0 run(s), 1 hit(s), 0 error(s), 1 left on base; Chicago 0 - Atlanta 0
TOP OF THE 6TH
Chicago Gold Sox batting - Pitching for Atlanta Smoke : RHP Andrés Martínez
Pitching: RHP Mike Farrell
Batting: RHB Chris Smith 0-0: Ball
1-0: Foul Ball, location: 2F
1-1: Foul Ball, location: 2F
1-2: Ball
2-2: Foul Ball, location: 2F
2-2: Ball
3-2: Ground out 6-3 (Groundball, 6M)
Batting: LHB Do-hyung Nam 0-0: Ball
1-0: SINGLE (Groundball, 34D)
Batting: RHB Pablo Trujillo 0-0: Ball
1-0: Called Strike
1-1: Ball
2-1: Foul Ball, location: 2F
2-2: Foul Ball, location: 2F
2-2: Ball
3-2: Base on Balls
Do-hyung Nam to second
Batting: LHB William Wise 0-0: Ball
Wild Pitch!
Do-hyung Nam to third
Pablo Trujillo to second
1-0: Intentional Walk
Batting: RHB Ryan Davis 0-0: Ball
1-0: SINGLE (Flyball, 9LS)
Do-hyung Nam scores
Pablo Trujillo to third
William Wise to second
Runner from 3rd tries for Home, SAFE, no throw or cutoff
Batting: RHB Daniel Lallanilla 0-0: Called Strike
0-1: Hit by Pitch
William Wise to third
Ryan Davis to second
Batting: RHB Tyrone Scott 0-0: Ball
1-0: Ball
2-0: Swinging Strike
2-1: Foul Ball, location: 2F
2-2: Strikes out swinging
Pitching: LHP Rick Payne
Batting: LHB Noel Ballard 0-0: Foul Ball, location: 2F
0-1: Foul Ball, location: 2F
0-2: Ball
1-2: Foul Ball, location: 2F
1-2: Foul Ball, location: 2F
1-2: Foul Ball, location: 2F
1-2: Ground out 4-3 (Groundball, 34)
Top of the 6th over - 2 run(s), 2 hit(s), 0 error(s), 3 left on base; Chicago 2 - Atlanta 0
BOTTOM OF THE 6TH
Atlanta Smoke batting - Pitching for Chicago Gold Sox : RHP Ryan Davis
Batting: LHB Albert Morán 0-0: Ball
1-0: Ground out 4-3 (Groundball, 4)
Batting: LHB Mike Blue 0-0: Called Strike
0-1: Ball
1-1: Ball
2-1: Foul Ball, location: 2F
2-2: Foul Ball, location: 2F
2-2: SINGLE (Line Drive, 4M)
Batting: RHB Cale Sutton 0-0: Called Strike
0-1: Grounds into double play, 5-4-3 (Groundball, 56)
Bottom of the 6th over - 0 run(s), 1 hit(s), 0 error(s), 0 left on base; Chicago 2 - Atlanta 0
TOP OF THE 7TH
Chicago Gold Sox batting - Pitching for Atlanta Smoke : LHP Rick Payne
Batting: LHB Herman Hayes 0-0: Ball
1-0: Ball
2-0: Called Strike
2-1: Ball
3-1: Ground out 6-3 (Groundball, 6M)
Batting: RHB Chris Smith 0-0: Called Strike
0-1: DOUBLE (Flyball, 89D)
Batting: LHB Do-hyung Nam 0-0: Ball
1-0: Ball
2-0: Called Strike
2-1: Ground out 4-3 (Groundball, 4)
Chris Smith to third
Batting: RHB Pablo Trujillo 0-0: Ball
1-0: Called Strike
1-1: Foul Ball, location: 2F
1-2: Ball
2-2: Ground out 6-3 (Groundball, 6M)
Top of the 7th over - 0 run(s), 1 hit(s), 0 error(s), 1 left on base; Chicago 2 - Atlanta 0
BOTTOM OF THE 7TH
Atlanta Smoke batting - Pitching for Chicago Gold Sox : RHP Ryan Davis
Batting: RHB Bob Campbell 0-0: Ball
1-0: Foul Ball, location: 2F
1-1: Foul Ball, location: 2F
1-2: Ground out 1-3 (Groundball, 13)
Batting: RHB Nathan Horton 0-0: Ball
1-0: Called Strike
1-1: Hit by Pitch
Batting: RHB Leandro Tuzzi 0-0: Fly out, F7 (Flyball, 7M)
Batting: RHB Joe Runyon 0-0: Ball
1-0: Ball
2-0: Ball
3-0: Called Strike
3-1: DOUBLE (Flyball, 78M)
Nathan Horton to third
Batting: LHB Bernardo Elías 0-0: Called Strike
0-1: Ground out 6-3 (Groundball, 6M)
Bottom of the 7th over - 0 run(s), 1 hit(s), 0 error(s), 2 left on base; Chicago 2 - Atlanta 0
TOP OF THE 8TH
Chicago Gold Sox batting - Pitching for Atlanta Smoke : LHP Rick Payne
Batting: LHB William Wise 0-0: Ball
1-0: Ground out 4-3 (Groundball, 13)
Pinch Hitting: LHB Chris Hill 0-0: Called Strike
0-1: Ball
1-1: Foul Ball, location: 2F
1-2: Ground out 6-3 (Groundball, 6)
Pitching: RHP Christian Pitts
Now in RF: António Domínguez
Batting: RHB Daniel Lallanilla 0-0: Swinging Strike
0-1: Ball
1-1: Ball
2-1: Swinging Strike
2-2: Ball
3-2: Strikes out looking
Top of the 8th over - 0 run(s), 0 hit(s), 0 error(s), 0 left on base; Chicago 2 - Atlanta 0
BOTTOM OF THE 8TH
Atlanta Smoke batting - Pitching for Chicago Gold Sox : RHP Ryan Davis
Pitching: LHP Fernando Castro
Batting: RHB António Domínguez 0-0: Ball
1-0: SINGLE (Line Drive, 8LS)
Batting: LHB Albert Morán 0-0: Ball
1-0: Swinging Strike
1-1: Ball
2-1: SINGLE (Line Drive, 4MD)
António Domínguez to second
Batting: LHB Mike Blue 0-0: Ball
1-0: Called Strike
1-1: Reached on error, E5 (Groundball, 56)
António Domínguez to third
Albert Morán to second
Pitching: RHP Esteban Arroyo
Batting: RHB Cale Sutton 0-0: GRAND SLAM HOME RUN (Line Drive, 7LD), Distance : 371 ft
Batting: RHB Bob Campbell 0-0: Swinging Strike
0-1: Ball
1-1: Fly out, F9 (Flyball, 9S)
Batting: RHB Nathan Horton 0-0: Called Strike
0-1: Ball
1-1: Ground out 6-3 (Groundball, 6)
Pinch Hitting: RHB Jesús Aragón 0-0: Ball
1-0: Ground out 1-3 (Groundball, 13)
Bottom of the 8th over - 4 run(s), 3 hit(s), 1 error(s), 0 left on base; Chicago 2 - Atlanta 4
TOP OF THE 9TH
Chicago Gold Sox batting - Pitching for Atlanta Smoke : RHP Christian Pitts
Pitching: LHP Roberto Aguirre
Batting: RHB Tyrone Scott 0-0: Ball
1-0: Swinging Strike
1-1: Ball
2-1: Foul Ball, location: 2F
2-2: Ball
3-2: Foul Ball, location: 2F
3-2: Base on Balls
Batting: LHB Noel Ballard 0-0: Ball
1-0: Ball
2-0: Called Strike
2-1: Foul Ball, location: 2F
2-2: Ball
3-2: Fielders Choice at 2nd, 1-4 (Groundball, 25)
Batting: LHB Herman Hayes 0-0: Ball
1-0: Grounds into double play, U4-3 (Groundball, 4)
Top of the 9th over - 0 run(s), 0 hit(s), 0 error(s), 0 left on base; Chicago 2 - Atlanta 4
This league is powered by Out of the Park Baseball, the baseball management simulation game for PC, Mac and Linux
Friday, October 23rd, 2015 - OOTP Baseball 16.9 Build 39